[ AOE2 MATCH · #504781887 ]
UnrankedBulgarians vs Teutons
Player's team · LOSS
Rival team · WIN
[ REPLAY ANALYSIS · EXTRACTED FROM THE RECORDED GAME ]
Feudal
10:22
Castle
14:11
Imperial
—
| APM avg | 76.3 |
| APM peak | 112 |
| eAPM avg | 37.5 |
| Villagers / military | 83 / 63 |
Focus
⚔️ 52.2% · 🌾 47.8%
Konnik ×21 · Scorpion ×14 · Petard ×10 · Mangonel ×7 · Battering Ram ×6 · Monk ×5
Feudal
8:51
Castle
22:45
Imperial
—
| APM avg | 58.6 |
| APM peak | 87 |
| eAPM avg | 21.8 |
| Villagers / military | 82 / 75 |
Focus
⚔️ 44.6% · 🌾 55.4%
Cavalry Archer ×52 · Knight ×7 · Scout Cavalry ×6 · Teutonic Knight ×4 · Spearman ×2 · Battering Ram ×2
Match map
Initial resources + every placement click. Lines = walls · curves = elevation contours. ◆ gold · ⬟ stone · ● berries · ✦ relic · ◌ wall gap
Your base· Open — unwalled flank
Oni.DauT's base· Open — 3t gap
Smoothed initial terrain · ◌ = detected wall gap · hover for details
Inputs per minute
— OS+ | TeMo - - Oni.DauT
Build order — OS+ | TeMo
First 150 of 231 actions detected
| 0:17 | Create | Villager (Male) |
| 0:18 | Build | House |
| 0:19 | Build | House |
| 0:28 | Create | Villager (Male) |
| 0:28 | Create | Villager (Male) |
| 0:29 | Create | Villager (Male) |
| 1:41 | Create | Villager (Male) |
| 2:15 | Create | Villager (Male) |
| 2:30 | Create | Villager (Male) |
| 2:33 | Build | Lumber Camp |
| 3:00 | Create | Villager (Male) |
| 3:10 | Create | Villager (Male) |
| 3:29 | Create | Villager (Male) |
| 4:05 | Build | House |
| 4:11 | Create | Villager (Male) |
| 4:11 | Create | Villager (Male) |
| 4:35 | Create | Villager (Male) |
| 4:43 | Build | House |
| 4:45 | Create | Villager (Male) |
| 5:05 | Create | Villager (Male) |
| 5:08 | Build | Mill |
| 5:38 | Create | Villager (Male) |
| 6:02 | Create | Villager (Male) |
| 6:14 | Create | Villager (Male) |
| 6:34 | Create | Villager (Male) |
| 6:55 | Create | Villager (Male) |
| 7:27 | Research | Loom |
| 7:34 | Build | Mining Camp |
| 8:02 | Create | Villager (Male) |
| 8:06 | Research | Feudal Age |
| 8:06 | Research | Feudal Age |
| 8:37 | Create | Villager (Male) |
| 8:37 | Create | Villager (Male) |
| 10:22 | Age | Feudal Age |
| 10:27 | Build | Market |
| 10:29 | Build | Blacksmith |
| 11:10 | Build | Palisade Wall |
| 11:13 | Build | Palisade Wall |
| 11:14 | Build | Palisade Wall |
| 11:24 | Build | House |
| 11:31 | Research | Castle Age |
| 11:37 | Build | Palisade Gate |
| 11:46 | Build | Palisade Wall |
| 12:38 | Build | Farm |
| 12:39 | Build | Farm |
| 13:14 | Build | House |
| 13:18 | Build | House |
| 13:27 | Build | House |
| 13:29 | Build | Palisade Wall |
| 13:31 | Build | House |
| 14:06 | Build | Palisade Gate |
| 14:08 | Build | House |
| 14:10 | Build | Palisade Gate |
| 14:11 | Age | Castle Age |
| 14:17 | Build | Krepost |
| 14:28 | Build | Palisade Gate |
| 14:38 | Build | House |
| 14:39 | Build | Palisade Wall |
| 14:59 | Build | Palisade Wall |
| 15:01 | Build | Palisade Wall |
| 15:34 | Create | Konnik |
| 15:35 | Create | Konnik |
| 15:35 | Create | Konnik |
| 15:47 | Build | Mining Camp |
| 15:56 | Research | Scale Barding Armor |
| 15:56 | Research | Scale Barding Armor |
| 17:15 | Create | Villager (Male) |
| 17:23 | Create | Konnik |
| 17:34 | Build | Farm |
| 18:08 | Create | Konnik |
| 18:19 | Create | Villager (Male) |
| 19:02 | Create | Petard |
| 19:09 | Build | Farm |
| 19:12 | Create | Villager (Male) |
| 19:14 | Create | Konnik |
| 19:53 | Build | Farm |
| 19:54 | Create | Konnik |
| 19:54 | Create | Konnik |
| 20:06 | Create | Villager (Male) |
| 20:39 | Create | Konnik |
| 20:39 | Create | Konnik |
| 20:41 | Build | Farm |
| 20:45 | Build | Farm |
| 20:46 | Create | Villager (Male) |
| 21:21 | Create | Konnik |
| 21:21 | Create | Konnik |
| 21:26 | Create | Villager (Male) |
| 21:29 | Build | Farm |
| 21:49 | Create | Konnik |
| 21:55 | Create | Konnik |
| 22:05 | Create | Villager (Male) |
| 22:41 | Create | Konnik |
| 22:41 | Create | Villager (Male) |
| 22:44 | Build | Farm |
| 23:15 | Create | Villager (Male) |
| 23:17 | Create | Villager (Male) |
| 23:22 | Build | Monastery |
| 23:24 | Create | Konnik |
| 23:24 | Create | Konnik |
| 24:31 | Create | Monk |
| 24:35 | Create | Villager (Male) |
| 24:51 | Build | Siege Workshop |
| 25:01 | Create | Villager (Male) |
| 25:02 | Research | Double-Bit Axe |
| 25:17 | Create | Konnik |
| 25:17 | Create | Konnik |
| 25:41 | Create | Scorpion |
| 25:43 | Create | Villager (Male) |
| 26:01 | Create | Monk |
| 26:11 | Create | Villager (Male) |
| 26:14 | Create | Mangonel |
| 26:19 | Create | Villager (Male) |
| 26:43 | Build | Mining Camp |
| 26:48 | Create | Villager (Male) |
| 26:59 | Build | House |
| 27:03 | Create | Scorpion |
| 27:04 | Create | Scorpion |
| 27:16 | Create | Villager (Male) |
| 27:33 | Create | Mangonel |
| 27:53 | Create | Scorpion |
| 28:02 | Create | Villager (Male) |
| 28:22 | Create | Konnik |
| 28:31 | Create | Villager (Male) |
| 29:12 | Create | Mangonel |
| 29:14 | Create | Konnik |
| 29:23 | Build | Farm |
| 29:25 | Build | Farm |
| 29:27 | Create | Villager (Male) |
| 30:16 | Create | Scorpion |
| 30:26 | Create | Villager (Male) |
| 31:00 | Create | Villager (Male) |
| 31:20 | Create | Villager (Male) |
| 31:29 | Build | Town Center |
| 31:37 | Build | Town Center |
| 31:43 | Create | Mangonel |
| 32:01 | Research | Horse Collar |
| 32:08 | Create | Villager (Male) |
| 32:23 | Build | Siege Workshop |
| 32:26 | Create | Monk |
| 32:27 | Create | Villager (Male) |
| 32:52 | Create | Villager (Male) |
| 32:53 | Create | Scorpion |
| 32:55 | Create | Monk |
| 32:57 | Build | Farm |
| 32:58 | Build | Farm |
| 33:02 | Create | Scorpion |
| 33:18 | Create | Scorpion |
| 33:25 | Create | Villager (Male) |
| 33:33 | Build | Siege Workshop |
| 33:37 | Create | Villager (Male) |
Build order — Oni.DauT
First 150 of 257 actions detected
| 0:00 | Create | Villager (Male) ×4 |
| 0:01 | Build | House |
| 0:02 | Build | House |
| 1:27 | Create | Villager (Male) |
| 1:53 | Build | Lumber Camp |
| 1:59 | Create | Villager (Male) |
| 2:13 | Create | Villager (Male) |
| 2:49 | Create | Villager (Male) |
| 3:13 | Create | Villager (Male) |
| 3:34 | Create | Villager (Male) |
| 3:40 | Build | House |
| 3:59 | Create | Villager (Male) |
| 4:25 | Create | Villager (Male) |
| 4:27 | Create | Villager (Male) |
| 4:27 | Create | Villager (Male) |
| 4:42 | Build | Mill |
| 5:27 | Create | Villager (Male) |
| 5:27 | Create | Villager (Male) |
| 5:44 | Build | House |
| 6:09 | Create | Villager (Male) |
| 6:14 | Build | Palisade Wall |
| 6:34 | Build | Palisade Wall |
| 6:41 | Research | Feudal Age |
| 7:22 | Build | Barracks |
| 8:06 | Create | Villager (Male) |
| 8:31 | Build | House |
| 8:51 | Age | Feudal Age |
| 8:53 | Build | Stable |
| 8:57 | Research | Double-Bit Axe |
| 9:01 | Create | Villager (Male) |
| 9:24 | Research | Horse Collar |
| 9:40 | Create | Scout Cavalry |
| 9:40 | Create | Scout Cavalry |
| 9:43 | Create | Villager (Male) |
| 9:48 | Build | Farm |
| 9:49 | Build | Farm |
| 10:01 | Create | Villager (Male) |
| 10:18 | Build | Farm |
| 10:20 | Build | Farm |
| 10:27 | Create | Scout Cavalry |
| 10:35 | Create | Villager (Male) |
| 10:36 | Build | House |
| 10:57 | Create | Scout Cavalry |
| 11:01 | Research | Loom |
| 11:11 | Build | Mining Camp |
| 11:16 | Create | Scout Cavalry |
| 11:28 | Create | Villager (Male) |
| 11:42 | Create | Scout Cavalry |
| 12:00 | Create | Villager (Male) |
| 12:15 | Create | Villager (Male) |
| 12:31 | Create | Villager (Male) |
| 12:38 | Build | House |
| 12:57 | Build | Watch Tower |
| 12:59 | Create | Villager (Male) |
| 13:08 | Create | Villager (Male) |
| 13:12 | Build | Farm |
| 13:16 | Build | House |
| 13:17 | Build | Farm |
| 13:25 | Create | Villager (Male) |
| 13:53 | Create | Villager (Male) |
| 14:02 | Create | Villager (Male) |
| 14:05 | Build | Blacksmith |
| 14:08 | Build | Watch Tower |
| 14:26 | Build | Mining Camp |
| 14:38 | Create | Villager (Male) |
| 14:58 | Create | Villager (Male) |
| 15:06 | Create | Villager (Male) |
| 15:12 | Create | Villager (Male) |
| 15:42 | Build | Watch Tower |
| 15:46 | Build | Farm |
| 15:48 | Build | House |
| 16:06 | Create | Villager (Male) |
| 16:10 | Build | Stone Wall |
| 16:29 | Create | Villager (Male) |
| 16:36 | Create | Villager (Male) |
| 16:39 | Build | Gate |
| 16:41 | Create | Villager (Male) |
| 16:57 | Create | Spearman |
| 16:58 | Create | Villager (Male) |
| 17:15 | Build | Stone Wall |
| 17:26 | Create | Spearman |
| 17:28 | Create | Villager (Male) |
| 17:31 | Build | Stone Wall |
| 17:45 | Build | Stone Wall |
| 17:56 | Build | Farm |
| 18:04 | Build | Stone Wall |
| 18:07 | Create | Villager (Male) |
| 18:12 | Build | Stone Wall |
| 18:21 | Create | Villager (Male) |
| 18:28 | Build | Farm |
| 18:36 | Build | Stone Wall |
| 18:50 | Build | Market |
| 18:59 | Build | Farm |
| 19:13 | Build | Archery Range |
| 19:22 | Build | Stone Wall |
| 19:28 | Build | Stone Wall |
| 19:56 | Build | Stone Wall |
| 20:05 | Research | Castle Age |
| 20:34 | Build | Archery Range |
| 20:41 | Build | Outpost |
| 20:50 | Build | Lumber Camp |
| 21:09 | Build | House |
| 21:10 | Build | House |
| 21:11 | Research | Fletching |
| 21:28 | Build | Mining Camp |
| 21:35 | Build | Palisade Wall |
| 21:36 | Build | House |
| 21:43 | Build | Palisade Wall |
| 21:54 | Build | Watch Tower |
| 22:08 | Build | Palisade Wall |
| 22:38 | Build | Stone Wall |
| 22:45 | Age | Castle Age |
| 22:48 | Create | Cavalry Archer |
| 22:48 | Create | Cavalry Archer |
| 22:50 | Research | Bodkin Arrow |
| 22:52 | Create | Villager (Male) |
| 22:53 | Build | Farm |
| 22:57 | Build | Stone Wall |
| 23:14 | Build | Farm |
| 23:19 | Create | Cavalry Archer |
| 23:23 | Create | Villager (Male) |
| 23:44 | Create | Villager (Male) |
| 23:46 | Create | Cavalry Archer |
| 23:54 | Create | Villager (Male) |
| 23:59 | Build | Farm |
| 24:02 | Create | Cavalry Archer |
| 24:03 | Create | Villager (Male) |
| 24:10 | Build | Palisade Wall |
| 24:13 | Build | House |
| 24:14 | Build | Palisade Wall |
| 24:31 | Create | Cavalry Archer |
| 24:48 | Create | Villager (Male) |
| 24:59 | Create | Cavalry Archer |
| 25:00 | Create | Cavalry Archer |
| 25:05 | Create | Villager (Male) |
| 25:09 | Build | University |
| 25:15 | Build | House |
| 25:20 | Create | Cavalry Archer |
| 25:36 | Create | Cavalry Archer |
| 25:39 | Create | Villager (Male) |
| 26:09 | Research | Ballistics |
| 26:10 | Build | House |
| 26:11 | Build | House |
| 26:20 | Create | Villager (Male) |
| 26:24 | Create | Cavalry Archer |
| 26:29 | Build | House |
| 26:31 | Build | House |
| 26:39 | Create | Cavalry Archer |
| 26:43 | Create | Villager (Male) |
| 26:47 | Research | Bloodlines |
Match timeline
| 6:14 | Oni.DauT · wall_segment Palisade Wall x4 |
| 6:34 | Oni.DauT · wall_segment Palisade Wall x9 |
| 7:22 | Oni.DauT · first_building Barracks |
| 8:51 | Oni.DauT · age_up feudal |
| 8:53 | Oni.DauT · first_building Stable |
| 10:22 | OS+ | TeMo · age_up feudal |
| 11:10 | OS+ | TeMo · wall_segment Palisade Wall x1 |
| 11:13 | OS+ | TeMo · wall_segment Palisade Wall x1 |
| 11:14 | OS+ | TeMo · wall_segment Palisade Wall x1 |
| 11:30 | OS+ | TeMo · first_market_sell 100 food |
| 11:46 | OS+ | TeMo · wall_segment Palisade Wall x1 |
| 13:29 | OS+ | TeMo · wall_segment Palisade Wall x1 |
| 14:11 | OS+ | TeMo · age_up castle |
| 14:17 | OS+ | TeMo · first_building Krepost |
| 14:39 | OS+ | TeMo · wall_segment Palisade Wall x1 |
| 14:59 | OS+ | TeMo · wall_segment Palisade Wall x1 |
| 15:01 | OS+ | TeMo · wall_segment Palisade Wall x1 |
| 16:10 | Oni.DauT · wall_segment Stone Wall x10 |
| 17:00 | OS+ | TeMo · first_market_buy 100 food |
| 17:15 | Oni.DauT · wall_segment Stone Wall x11 |
| 17:31 | Oni.DauT · wall_segment Stone Wall x4 |
| 17:45 | Oni.DauT · wall_segment Stone Wall x14 |
| 18:04 | Oni.DauT · wall_segment Stone Wall x7 |
| 18:12 | Oni.DauT · wall_segment Stone Wall x3 |
| 18:36 | Oni.DauT · wall_segment Stone Wall x1 |
| 19:13 | Oni.DauT · first_building Archery Range |
| 19:22 | Oni.DauT · wall_segment Stone Wall x6 |
| 19:28 | Oni.DauT · wall_segment Stone Wall x3 |
| 19:35 | Oni.DauT · first_market_sell 100 stone |
| 19:36 | Oni.DauT · first_market_buy 100 food |
| 19:56 | Oni.DauT · wall_segment Stone Wall x3 |
| 21:35 | Oni.DauT · wall_segment Palisade Wall x2 |
| 21:43 | Oni.DauT · wall_segment Palisade Wall x1 |
| 22:08 | Oni.DauT · wall_segment Palisade Wall x1 |
| 22:38 | Oni.DauT · wall_segment Stone Wall x1 |
| 22:45 | Oni.DauT · age_up castle |
| 22:57 | Oni.DauT · wall_segment Stone Wall x1 |
| 23:22 | OS+ | TeMo · first_building Monastery |
| 24:10 | Oni.DauT · wall_segment Palisade Wall x1 |
| 24:14 | Oni.DauT · wall_segment Palisade Wall x1 |
| 24:51 | OS+ | TeMo · first_building Siege Workshop |
| 31:57 | Oni.DauT · wall_segment Palisade Wall x1 |
| 35:31 | Oni.DauT · first_building Siege Workshop |
| 37:02 | Oni.DauT · first_building Castle |
| 38:39 | Oni.DauT · first_building Monastery |
| 45:20 | OS+ | TeMo · resign |
[ AI ANALYSIS · 1 CREDIT ]
What really happened in this match?
Wolo.gg analyzes every decision: build order, eco, micro, common mistakes by bracket. Personalized analysis on WhatsApp or Discord in 30 seconds.
Civ guide
Bulgarians
Perfil
Jugador #15345163